 Dungeon Crawl Stone Soup version 0.16.2-12-gd0ad4c3 (webtiles) character file.

4516 faibistes the Thaumaturge (level 10, -4/56 HPs)
             Began as a Deep Elf Wizard on Apr 8, 2019.
             Was a Priest of Sif Muna.
             Slain by a spiny frog (5 damage)
             ... on level 1 of the Lair of Beasts.
             The game lasted 00:31:31 (13513 turns).

faibistes the Thaumaturge (Deep Elf Wizard)        Turns: 13513, Time: 00:31:31

Health: -4/56      AC:  5    Str:  4    XL:     10   Next: 16%
Magic:  30/31      EV:  2    Int: 27    God:    Sif Muna [***...]
Gold:   375        SH:  0    Dex: 13    Spells: 6 memorised, 17 levels left

rFire  + . .     SeeInvis .     w - +5 dagger (venom)
rCold  x . .     Clarity  .     a - +0 robe
rNeg   + + +     SustAb   .     (no shield)
rPois  ∞         Gourm    .     b - +0 hat
rElec  .         Spirit   .     t - +2 cloak
rCorr  .         Warding  .     (no gloves)
rMut   .         Stasis   .     (no boots)
MR     +....                    (no amulet)
Stlth  ++........               (no ring)
                                l - ring of fire

@: petrified, repel missiles, somewhat resistant to hostile enchantments,
unstealthy
A: no striking features
a: Channel Energy, Forget Spell, Renounce Religion


You were on level 1 of the Lair of Beasts.
You worshipped Sif Muna.
Sif Muna was most pleased with you.
You were not hungry.

You visited 3 branches of the dungeon, and saw 12 of its levels.
You also visited: Sewer.

You collected 375 gold pieces.

Inventory:

Hand weapons
 e - a +0 short sword
 w - a +5 dagger of venom (weapon)
 W - a +1 spear of flaming
Armour
 a - a +0 robe (worn)
 b - a +0 hat (worn)
 t - a +2 cloak (worn)
Jewellery
 l - a ring of fire (left hand)
Magical devices
 f - a wand of digging (2)
 s - a wand of magic darts (29)
 u - a wand of cold (15)
 C - a wand of cold (6)
Scrolls
 h - a scroll of amnesia
 m - 2 scrolls of remove curse
 n - a scroll of recharging
 r - 4 scrolls of teleportation
 x - 2 scrolls of identify
 y - 2 scrolls of magic mapping
 B - 6 scrolls of fog
Potions
 g - 5 potions of curing
 o - 2 potions of flight
 p - 3 potions of heal wounds
 q - a potion of might
 v - a potion of resistance
 z - 2 potions of haste
 A - 4 potions of brilliance
Comestibles
 d - 4 bread rations
 i - 3 fruits
 j - a meat ration
 k - a slice of pizza
 D - a beef jerky
 F - a royal jelly


   Skills:
 + Level 3.3 Fighting
 + Level 6.7 Dodging
 - Level 2.4 Stealth
 * Level 10.6 Spellcasting
 + Level 6.1 Conjurations
 + Level 3.3 Charms
 - Level 1.1 Summonings
 + Level 3.5 Translocations
 * Level 4.7 Fire Magic
 - Level 4.2 Air Magic
 - Level 2.4 Poison Magic
 * Level 3.8 Invocations
 + Level 3.3 Evocations


You had 17 spell levels left.
You knew the following spells:

 Your Spells              Type           Power        Failure   Level  Hunger
a - Magic Dart            Conj           ####         1%          1    None
b - Conjure Flame         Conj/Fire      ######..     1%          3    None
c - Call Imp              Summ           ###.....     4%          2    None
d - Blink                 Tloc           N/A          1%          2    None
e - Mephitic Cloud        Conj/Pois/Air  #####...     2%          3    None
f - Repel Missiles        Chrm/Air       ####..       1%          2    None


Dungeon Overview and Level Annotations

Branches:
Dungeon (9/15)             Temple (1/1) D:7            Lair (2/8) D:8
    Orc: D:9-12

Altars:
Ashenzari
Cheibriados
Dithmenos
Elyvilon
Fedhas
Gozag
Kikubaaqudgha
Makhleb
Nemelex Xobeh
Okawaru
Qazlal
Ru
Sif Muna
Trog
Vehumet
Xom
Yredelemnul
Zin
The Shining One

Portals:
Labyrinth: Lair:1


Message History

The spiny frog croaks.
The spiny frog stings you.
You have turned to stone.
The spiny frog stings you! The basilisk gazes at you.
The spiny frog stings you! The basilisk gazes at you.
The spiny frog stings you. The basilisk bites you! The spiny frog stings you!
The basilisk gazes at you.
You easily resist.
The spiny frog stings you!!
* * * LOW HITPOINT WARNING * * *
The spiny frog stings you!
* * * LOW HITPOINT WARNING * * *
The basilisk bites you!
* * * LOW HITPOINT WARNING * * *
The spiny frog stings you.
* * * LOW HITPOINT WARNING * * *
The basilisk bites you. The spiny frog stings you!
You die...

.##.................
##
.................P##
#
.......####.##.####
# .....#.# ### ## #
....#### #####
....####
##P#P#####.#
.......#
##.(........#
.......###
##...l########
.........####..F@##
..######.......[.#
.. ###....#...# ..
#P.(####..# .. #...#
#..# ....## ...
#...## ##.. ##### .


You could see a spiny frog and a basilisk.

Vanquished Creatures
  A black mamba (Lair:1)
  A hippogriff (D:8)
  The ghost of faibistes the Magician, an average DEWz (D:4)
  A water moccasin (Lair:2)
  2 sky beasts
  A black bear (D:7)
  A necrophage (D:5)
  2 ogres (D:4)
  2 phantoms
  2 orc warriors (D:7)
  4 ice beasts
  4 centaurs
  A crocodile (Lair:1)
  A big kobold (D:3)
  8 giant frogs
  A water moccasin zombie (D:8)
  A water moccasin skeleton (D:6)
  2 scorpions (D:7)
  3 wights
  3 crimson imps
  2 centaur skeletons
  2 goliath beetles (D:7)
  3 hounds
  3 jellies
  3 orc priests
  A giant frog skeleton (D:6)
  Natasha (thrice) (D:5)
  4 orc wizards
  4 worker ants
  2 hound skeletons
  A hound zombie (D:5)
  A worker ant zombie (D:8)
  Robin (D:2)
  7 adders
  2 gnolls (D:6)
  4 river rats (Sewer)
  2 worms
  2 giant mites
  2 shadow imps
  An adder zombie (D:8)
  An adder skeleton (D:8)
  7 giant geckos
  3 oozes
  24 orcs
  12 bats
  A bat zombie (D:6)
  5 giant cockroaches
  12 hobgoblins
  9 jackals
  5 quokkas
  4 ball pythons
  A giant gecko zombie (D:5)
  12 giant newts
  2 giant spores
  23 goblins
  A jackal skeleton (D:6)
  15 kobolds
  A quokka skeleton (D:7)
  23 rats
  2 ballistomycetes (D:6)
255 creatures vanquished.

Vanquished Creatures (collateral kills)
  A big kobold (D:8)
  A giant frog (D:6)
  2 adders
  2 gnolls (D:6)
  A river rat (Sewer)
  A worm (D:2)
  A giant gecko (D:1)
  2 oozes (D:1)
  4 orcs (D:2)
  A bat skeleton (D:8)
  A giant cockroach (D:1)
  A ball python (Sewer)
  A bat (D:8)
  2 jackals (D:2)
  5 kobolds (D:8)
26 creatures vanquished.

Vanquished Creatures (others)
  A crimson imp (Sewer)
  A shadow imp (Sewer)
  3 white imps
5 creatures vanquished.

Grand Total: 286 creatures vanquished

Notes
Turn   | Place    | Note
--------------------------------------------------------------
     0 | D:1      | faibistes, the Deep Elf Wizard, began the quest for the Orb.
     0 | D:1      | Reached XP level 1. HP: 10/10 MP: 6/6
   582 | D:1      | Reached XP level 2. HP: 15/15 MP: 8/10
   587 | D:1      | Learned a level 2 spell: Blink
   590 | D:1      | Learned a level 2 spell: Call Imp
   704 | D:1      | Reached skill level 5 in Spellcasting
  1455 | D:1      | Reached XP level 3. HP: 19/19 MP: 11/14
  1460 | D:1      | Learned a level 3 spell: Conjure Flame
  1464 | D:1      | Learned a level 3 spell: Mephitic Cloud
  2273 | D:4      | Noticed an ogre
  2296 | D:4      | Killed an ogre
  2296 | D:4      | Reached XP level 4. HP: 24/24 MP: 5/18
  2296 | D:4      | Reached XP level 5. HP: 28/28 MP: 5/20
  2319 | D:4      | Noticed a big kobold
  2434 | D:2      | Learned a level 2 spell: Repel Missiles
  2673 | D:3      | Killed a big kobold
  2673 | D:3      | Reached skill level 6 in Spellcasting
  2805 | D:2      | Noticed Robin
  2904 | D:2      | Killed Robin
  3408 | D:3      | Reached XP level 6. HP: 32/32 MP: 18/22
  3600 | D:4      | Noticed an ogre
  3612 | D:4      | Noticed faibistes' ghost (average DEWz)
  3614 | D:4      | Killed an ogre
  3614 | D:4      | Reached skill level 7 in Spellcasting
  3809 | D:4      | Killed faibistes' ghost
  3809 | D:4      | Reached skill level 1 in Fighting
  3963 | D:4      | Reached skill level 1 in Evocations
  4035 | D:4      | Reached XP level 7. HP: 25/38 MP: 8/25
  4728 | D:5      | Entered Level 5 of the Dungeon
  4830 | D:5      | Found a glowing drain.
  4834 | Sewer    | Entered a sewer
  6481 | D:5      | Found an opulent altar of Gozag.
  6483 | D:5      | Found a basalt altar of Yredelemnul.
  6483 | D:5      | Found a blossoming altar of Fedhas.
  6483 | D:5      | Found a shimmering altar of Xom.
  6514 | D:5      | Reached skill level 5 in Dodging
  6514 | D:5      | Reached skill level 8 in Spellcasting
  6687 | D:5      | Found a deep blue altar of Sif Muna.
  6687 | D:5      | Found an ancient bone altar of Kikubaaqudgha.
  6695 | D:5      | Became a worshipper of Sif Muna the Loreminder
  6762 | D:5      | Noticed Natasha
  6766 | D:5      | Killed Natasha
  6871 | D:5      | Noticed Natasha
  6876 | D:5      | Killed Natasha
  7039 | D:5      | Reached skill level 1 in Air Magic
  7123 | D:5      | Reached skill level 1 in Fire Magic
  7142 | D:5      | Reached XP level 8. HP: 23/45 MP: 3/27
  7359 | D:5      | Acquired Sif Muna's first power
  7359 | D:5      | Reached skill level 1 in Poison Magic
  7458 | D:5      | Noticed Natasha
  7462 | D:5      | Killed Natasha
  8164 | D:6      | Found a glowing silver altar of Zin.
  8181 | D:6      | Reached skill level 5 in Conjurations
  8231 | D:6      | Reached skill level 9 in Spellcasting
  8445 | D:6      | Acquired Sif Muna's second power
  9010 | D:7      | Reached XP level 9. HP: 44/49 MP: 19/29
  9216 | D:7      | Found a staircase to the Ecumenical Temple.
  9227 | Temple   | Entered the Ecumenical Temple
  9776 | D:7      | Reached skill level 1 in Invocations
  9888 | D:7      | Reached skill level 1 in Charms
 10943 | D:7      | Reached skill level 10 in Spellcasting
 12098 | D:8      | Found a staircase to the Lair.
 13102 | D:8      | Reached XP level 10. HP: 56/56 MP: 26/31
 13114 | Lair:1   | Entered Level 1 of the Lair of Beasts
 13233 | Lair:1   | Noticed a black mamba
 13241 | Lair:1   | Killed a black mamba
 13467 | Lair:1   | Found a labyrinth entrance.
 13511 | Lair:1   | HP: 2/56 [basilisk (6)]
 13513 | Lair:1   | Slain by a spiny frog

Action                   |  1- 3 |  4- 6 |  7- 9 | 10-12 || total
-------------------------+-------+-------+-------+-------++-------
Melee: Short sword       |     1 |     5 |    39 |       ||    45
       Spear             |       |       |   122 |       ||   122
       Dagger            |       |       |    34 |     3 ||    37
 Cast: Magic Dart        |    88 |    86 |   489 |    19 ||   682
       Call Imp          |    15 |     4 |    20 |       ||    39
       Blink             |     2 |     5 |    13 |     1 ||    21
       Conjure Flame     |     2 |     7 |    43 |     7 ||    59
       Mephitic Cloud    |     1 |     8 |    22 |     2 ||    33
       Repel Missiles    |       |     2 |     2 |       ||     4
  Use: Scroll            |       |     4 |    16 |     2 ||    22
       Potion            |       |     1 |       |       ||     1
 Stab: Sleeping          |     1 |     1 |     5 |       ||     7
       Confused          |       |     1 |     1 |       ||     2
  Eat: Chunk             |     4 |     5 |    28 |     1 ||    38
